 Dungeon Crawl Stone Soup version 0.29.0-11-gd7f09526c8 (webtiles) character file.

Game seed: 18788840108958319

433 freelancePsychic the Sneak (level 6, -7/47 HPs)
             Began as a Vampire Abyssal Knight on Sept 2, 2022.
             Was a Follower of Trog.
             Mangled by an ancient zyme (9 damage)
             ... created by the touch of Lugonu
             ... on level 4 of the Dungeon.
             The game lasted 00:05:27 (3080 turns).

freelancePsychic the Sneak (Vampire Abyssal Knight) Turns: 3080, Time: 00:05:28

Health: -7/47      AC:  5    Str: 12    XL:     6   Next: 67%
Magic:  7/7        EV: 12    Int: 14    God:    Trog [*.....]
Gold:   232        SH:  0    Dex: 15    Spells: 5/5 levels left

rFire   . . .      SeeInvis +   d - +2 dagger (elec)
rCold   . . .      Faith    .   (no shield)
rNeg    . . .      Spirit   .   b - +0 leather armour
rPois   .          Reflect  .   u - +0 helmet
rElec   .          Harm     .   k - +0 cloak
rCorr   .          Rampage  .   (no gloves)
Will    .....                   (no boots)
Stlth   +++.......              (no amulet)
HPRegen 0.00/turn               (no ring)
MPRegen 0.10/turn               (no ring)

@: on berserk cooldown, sick, slowed, very slow
A: alive, fangs 3, see invisible, vampiric 2
a: Exsanguinate, Renounce Religion, Berserk


You were on level 4 of the Dungeon.
You worshipped Trog.
Trog was aware of your devotion.
You visited 1 branch of the dungeon, and saw 4 of its levels.
You visited the Abyss 1 time.

You collected 232 gold pieces.

Inventory:

Hand Weapons
 a - a +1 falchion
 d - a +2 dagger of electrocution (weapon)
 t - a +1 dagger of venom
Armour
 b - a +0 leather armour (worn)
 k - a +0 cloak (worn)
 u - a +0 helmet (worn)
Wands
 n - a wand of polymorph (11)
Scrolls
 h - a scroll of enchant armour
 j - a scroll of amnesia
 m - a scroll of vulnerability {unknown}
 p - a scroll of poison {unknown}
 r - a scroll of noise
Potions
 c - 2 potions of flight
 f - a potion of cancellation
 g - a potion of invisibility {unknown}
 i - a potion of mutation {unknown}
 l - 2 potions of heal wounds {unknown}
 o - a potion of lignification {unknown}
 q - 2 potions of curing {unknown}
 s - a potion of haste {unknown}


   Skills:
 + Level 3.5 Fighting
 + Level 3.3(3.7) Short Blades
 - Level 2.2(3.0) Long Blades
 - Level 0.7 Armour
 - Level 2.1 Dodging
 * Level 7.5 Stealth
 - Level 2.6 Invocations


You had 5 spell levels left.
You didn't know any spells.
Your spell library was empty.

Dungeon Overview and Level Annotations

Branches:
Dungeon (4/15)
 Temple: D:4-7

Altars:
Gozag
Makhleb
Trog
Vehumet

Shops:
D:1 *


Innate Abilities, Weirdness & Mutations

Your natural rate of healing is accelerated.
You have razor-sharp teeth.
You have supernaturally acute eyesight. (SInv)
You are afflicted with vampirism and can become a bat while bloodless.


Message History

Dowan blinks!
Dowan casts a spell at you. The stone arrow misses you.
Lugonu sends minions to punish you.
A small abomination comes into view.
The small abomination attacks as you move away!
The small abomination hits you.
As you read the scroll of teleportation {@r4}, it crumbles to dust.
You feel strangely unstable. Dowan completely misses you.
The small abomination hits you!!
You barely miss Dowan. Dowan closely misses you.
The small abomination completely misses you.
A red film seems to cover your vision as you go berserk!
You feel yourself moving faster!
You feel mighty! Dowan hits you with a +0 dagger.
Dowan hits you but does no damage.
The small abomination barely misses you.
You puncture Dowan!
Dowan is heavily wounded.
Dowan hits you but does no damage.
You puncture Dowan! Lightning courses through Dowan!
You kill Dowan!
Trog accepts your kill.
Trog appreciates your killing of a magic user.
The small abomination hits you!
Your surroundings suddenly seem different.
You feel a strong urge to attack something.
You feel yourself growing ill in the presence of the ancient zyme.
You feel your anger nearly subside.
You are no longer berserk.
You are exhausted.
You feel yourself slow down. The ancient zyme hits you.
* * * LOW HITPOINT WARNING * * *
The ancient zyme hits you but does no damage.
Okay, then.
You feel ill.
There is an escape hatch in the ceiling here.
The ancient zyme hits you!
* * * LOW HITPOINT WARNING * * *
The ancient zyme hits you!
You die...

#.#.....###.##...
#.#.....# #....#.
######.#.....# #..#.#.
#...x..#.....# #..#...
#.######.....#....###.
#..?.....)...#.##.#...
#........#####. #.#...
#....x...# # #.#...
#....@...# ###...
#........# #...
#........# #...
###...#...# ....
+...+...# ####[
#...#...# .. #...#...#
#...# ..#


You could see an ancient zyme.

Vanquished Creatures
  Duvessa (D:4)
  A scorpion (D:4)
  Dowan (D:4)
  A jelly (D:4)
  A hound (D:3)
  Robin (D:3)
  3 gnolls (D:2)
  4 adders
  A worm (D:3)
  2 dart slugs (D:1)
  An orc (D:2)
  A ball python (D:4)
  5 endoplasms
  3 giant cockroaches
  11 goblins
  13 hobgoblins
  8 jackals
  2 quokkas
  5 bats
  3 frilled lizards
  5 kobolds
  2 rats (D:1)
75 creatures vanquished.

Notes
Turn   | Place    | Note
-------+----------+-------------------------------------------
     0 | Abyss:1  | freelancePsychic the Vampire Abyssal Knight began the quest
                  | for the Orb.
     0 | Abyss:1  | Reached XP level 1. HP: 17/17 MP: 2/2
     1 | D:1      | Escaped the Abyss
    35 | D:1      | Reached skill level 1 in Stealth
   161 | D:1      | Reached XP level 2. HP: 21/23 MP: 3/3
   184 | D:1      | Reached skill level 2 in Stealth
   295 | D:1      | Found a faded altar of an unknown god.
   469 | D:1      | Found Divec's General Store.
   967 | D:2      | Reached *** piety under Lugonu
   968 | D:2      | Reached skill level 3 in Stealth
  1028 | D:2      | Gained mutation: You are afflicted with vampirism and can
                  | become a bat while bloodless. [Vampire growth]
  1028 | D:2      | Reached XP level 3. HP: 28/28 MP: 4/4
  1047 | D:2      | Reached skill level 1 in Short Blades
  1215 | D:2      | Reached skill level 4 in Stealth
  1215 | D:2      | Reached XP level 4. HP: 34/34 MP: 5/5
  1809 | D:3      | Reached skill level 5 in Stealth
  1885 | D:3      | Found a radiant altar of Vehumet.
  1890 | D:3      | Found an opulent altar of Gozag.
  1899 | D:3      | Found a bloodstained altar of Trog.
  1938 | D:3      | Fell from the grace of Lugonu
  1938 | D:3      | Became a worshipper of Trog the Wrathful
  2028 | D:3      | Reached XP level 5. HP: 38/39 MP: 6/6
  2355 | D:4      | Noticed Robin
  2452 | D:3      | Killed Robin
  2867 | D:4      | Found a burning altar of Makhleb.
  2950 | D:4      | Reached skill level 6 in Stealth
  2951 | D:4      | Noticed an ancient zyme
  2973 | D:3      | Reached * piety under Trog
  2974 | D:3      | Reached XP level 6. HP: 46/47 MP: 7/7
  3061 | D:4      | Noticed Duvessa
  3063 | D:4      | Noticed Dowan
  3064 | D:4      | Killed Duvessa
  3065 | D:4      | Reached skill level 7 in Stealth
  3068 | D:4      | Noticed a small abomination
  3074 | D:4      | Killed Dowan
  3080 | D:4      | HP: 2/47 [ancient zyme[the touch of Lugonu] (9)]
  3080 | D:4      | Mangled by an ancient zyme

Illustrated notes

Levels and vault maps discovered:
D:1:      minmay_arrival_open_corners, layout_basic,
          dreamdust_ecumenical_altar_statues, serial_shops, shop_statue
D:2:      layout_basic
D:3:      wad_pebble_path, layout_basic, minmay_overflow_temple_star_quad,
          dreamdust_mushroom_princess
D:4:      layout_basic, nicolae_overflow_squiral, grunt_decor_one_mirror,
          uniq_edmund, uniq_robin, uniq_duvessa

Skill      XL: |  1  2  3  4  5  6 |
---------------+-------------------+-----
Stealth        | 1 3 4 5 6 7 |  7.5
Invocations    | 2 |  2.6
Short Blades   | 1 2 3 |  3.3
Fighting       | 3 |  3.5
Long Blades    | |  2.2
Armour         | |  0.7
Dodging        | |  2.1

Action                   |  1- 3 |  4- 6 || total
-------------------------+-------+-------++-------
Melee: Falchion          |    34 |       ||    34
       Bite              |     9 |    12 ||    21
       Dagger            |    47 |   127 ||   174
Invok: Bend Space        |       |     1 ||     1
       Berserk           |       |     1 ||     1
  Use: Scroll            |     1 |     6 ||     7
       Potion            |       |     2 ||     2
 Stab: Sleeping          |     2 |     8 ||    10
Armor: Leather armour    |    20 |    44 ||    64
Dodge: Dodged            |    59 |    96 ||   155
